[Event "Budapest Spring Festival 2018"]
[Site "Budapest"]
[Date "2018.04.22"]
[Round "5"]
[White "Nitin, S."]
[Black "Marszalek, Maciej"]
[Result "1-0"]
[ECO "B43"]
[WhiteElo "2408"]
[BlackElo "2289"]
[Annotator "ChessBase"]
[PlyCount "57"]
[EventDate "2018.??.??"]
[EventType "swiss"]
[EventCountry "HUN"]
[SourceTitle "playchess.com"]
[Source "ChessBase"]
[SourceQuality "1"]
[TimeControl "40/5400+30:1800+30"]

1. e4 c5 2. Nf3 e6 3. d4 cxd4 4. Nxd4 a6 5. Nc3 Qc7 6. Bd3 Nf6 7. f4 d6 8. Qe2 Nc6 9. Nxc6 bxc6 10. O-O d5 11. Kh1 Be7 12. Bd2 Rb8 13. b3 a5 14. Rae1 g6 15. exd5 cxd5 16. f5 gxf5 17. Bxf5 Rb4 18. Nb5 Qc5 19. Bxb4 axb4 20. Bd3 Ne4 21. c4 bxc3 22. Bxe4 dxe4 23. Nxc3 f5 24. Nxe4 Qd5 25. Qh5+ Kf8 26. Ng5 Bxg5 27. Qxg5 Rg8 28. Qf6+ Ke8 29. Rf2 1-0

[Event "Budapest Spring Festival 2018"]
[Site "Budapest"]
[Date "2018.04.22"]
[Round "5"]
[White "Langrock, Hannes"]
[Black "Szabo, Marton Mihaly"]
[Result "0-1"]
[ECO "A45"]
[WhiteElo "2391"]
[BlackElo "2281"]
[Annotator "NA"]
[PlyCount "68"]
[EventDate "2018.??.??"]
[EventType "swiss"]
[EventCountry "HUN"]
[SourceTitle "playchess.com"]
[Source "ChessBase"]
[SourceQuality "1"]
[TimeControl "40/5400+30:1800+30"]

1. d4 Nf6 2. Bf4 d5 3. e3 e6 4. Nd2 c5 5. c3 Nc6 6. Ngf3 cxd4 7. exd4 {[%emt 0:01:01] D02: 1 d4 d5 2 Nf3 sidelines, including 2...Nf6 3 g3 and 2...Nf6 3 Bf4} Nh5 8. Be3 Bd6 9. g3 (9. Bd3 Nf4 10. Bxf4 Bxf4 11. O-O O-O 12. Re1 Bd7 13. Ne5 Nxe5 14. dxe5 g6 {1-0 (104) Vidit,S (2715)-Aronian,L (2805) Riadh 2017}) 9... O-O 10. Bd3 f5 11. Ne5 Nf6 12. f4 Bd7 13. O-O $146 ({Predecessor:} 13. Nxd7 Qxd7 14. Be2 Na5 {0-1 (46) Nihal,S (2532)-Sorokin,A (2511) Moscow 2018}) 13... Be8 14. a4 Rc8 15. h3 Kh8 16. Rf2 Rc7 17. a5 a6 18. Qf1 Ne4 19. Nxe4 fxe4 20. Be2 Ne7 21. g4 Ng6 22. c4 Bxe5 23. fxe5 Rxf2 24. Qxf2 Rf7 25. Qg3 dxc4 26. Bxc4 Rf3 $19 27. Qe1 Nf4 28. Bf1 Bb5 29. Bxb5 Nxh3+ 30. Kh2 axb5 31. a6 bxa6 32. Rxa6 h6 33. Rxe6 Qc8 34. d5 Qc2+ 0-1

[Event "Budapest Spring Festival 2018"]
[Site "Budapest"]
[Date "2018.04.22"]
[Round "5"]
[White "Szieberth, Adam"]
[Black "Almasi, Istvan"]
[Result "1-0"]
[ECO "B08"]
[WhiteElo "2298"]
[BlackElo "2406"]
[Annotator "NA"]
[PlyCount "71"]
[EventDate "2018.??.??"]
[EventType "swiss"]
[EventCountry "HUN"]
[SourceTitle "playchess.com"]
[Source "ChessBase"]
[SourceQuality "1"]
[TimeControl "40/5400+30:1800+30"]

1. Nf3 g6 2. e4 Bg7 3. d4 d6 4. h3 Nf6 5. Nc3 a6 6. Be3 {[%emt 0:05:30] B08: Pirc Defence: Classical System} b5 (6... O-O 7. a4 Nc6 8. Be2 e6 9. O-O b6 10. d5 exd5 11. exd5 Ne7 12. Bc4 Bb7 13. Qd2 Nf5 14. Bf4 Qd7 15. Rfe1 Rfe8 16. Rxe8+ Rxe8 17. Re1 Rxe1+ 18. Qxe1 {½-½ (63) Caruana,F (2799)-Grischuk,A (2782) Saint Louis 2017}) 7. e5 Nfd7 8. e6 fxe6 9. Ng5 Nf6 10. Bd3 $146 ({Predecessor:} 10. Qf3 d5 11. Bd3 Nc6 12. Qg3 Nb4 13. O-O-O Nxd3+ 14. Rxd3 {0-1 (53) Tsenov,T (2141)-Hantak,A (2200) Brno 2010}) 10... d5 11. Ne2 O-O 12. Nf4 Qd6 13. h4 e5 14. dxe5 Qxe5 {[%emt 0:00:03] [#]} 15. Nxh7 $1 Nxh7 16. Nxg6 Qe6 17. Qh5 Nf6 18. Qg5 Nc6 19. Nxf8 Kxf8 20. h5 d4 21. h6 $19 Bh8 22. h7 Ng4 23. Bf5 Qd5 24. Qxg4 dxe3 25. fxe3 Bxf5 26. O-O Nd4 27. exd4 e6 28. c3 Ke7 29. Qg3 Rc8 30. Qg8 Rf8 31. g4 Bxd4+ 32. cxd4 Qxd4+ 33. Rf2 Qxf2+ 34. Kxf2 Bxh7+ 35. Qxf8+ Kxf8 36. Ke1 1-0

[Event "Budapest Spring Festival 2018"]
[Site "Budapest"]
[Date "2018.04.22"]
[Round "5"]
[White "Ilic, Zoran S"]
[Black "Drazic, Sinisa"]
[Result "1/2-1/2"]
[ECO "E11"]
[WhiteElo "2294"]
[BlackElo "2394"]
[Annotator "ChessBase"]
[PlyCount "143"]
[EventDate "2018.??.??"]
[EventType "swiss"]
[EventCountry "HUN"]
[SourceTitle "playchess.com"]
[Source "ChessBase"]
[SourceQuality "1"]
[TimeControl "40/5400+30:1800+30"]

1. d4 Nf6 2. Nf3 e6 3. c4 Bb4+ 4. Bd2 c5 5. Bxb4 cxb4 6. g3 b6 7. Bg2 Bb7 8. O-O a5 9. a3 Na6 10. axb4 Nxb4 11. Nc3 O-O 12. Qd2 Rc8 13. b3 Qc7 14. Rfc1 h6 15. d5 exd5 16. cxd5 Qb8 17. e4 Rxc3 18. Qxc3 Nxe4 19. Qd4 Nc5 20. Rxc5 bxc5 21. Qxc5 Rc8 22. Qxa5 Bxd5 23. Nd4 Bxg2 24. Kxg2 Qd6 25. Nf5 Qc5 26. Qxc5 Rxc5 27. Ne3 Kf8 28. Ra4 Rb5 29. Nf5 Nc6 30. Ra8+ Nb8 31. Nd4 Rb7 32. Kf3 Ke7 33. Ke4 Nc6 34. Nxc6+ dxc6 35. Ra3 Kd6 36. Kd4 g5 37. Kc4 Re7 38. Ra2 Re4+ 39. Kd3 Re5 40. Ra4 Rf5 41. Rd4+ Kc5 42. Rc4+ Kb5 43. Ke3 h5 44. f3 f6 45. Rd4 Re5+ 46. Kd2 Kc5 47. Rc4+ Kb5 48. Rd4 Rf5 49. Ke3 Rc5 50. Kd2 f5 51. Rd8 Kb4 52. Rb8+ Rb5 53. Rc8 Rd5+ 54. Kc2 Kc5 55. Rh8 g4 56. f4 Kb4 57. Rxh5 Ka3 58. h3 gxh3 59. Rxh3 Rc5+ 60. Kd2 Kb4 61. Kd1 Rc3 62. Rh5 Rxb3 63. Rxf5 Rxg3 64. Rf8 c5 65. f5 c4 66. f6 Kc3 67. f7 Rf3 68. Ke2 Rf6 69. Ke3 Re6+ 70. Kf4 Re7 71. Kf5 Rb7 72. Kf6 1/2-1/2

[Event "Budapest Spring Festival 2018"]
[Site "Budapest"]
[Date "2018.04.22"]
[Round "5"]
[White "Gyurkovics, Bence"]
[Black "Skomorokhin, Roman"]
[Result "1/2-1/2"]
[ECO "E11"]
[WhiteElo "2286"]
[BlackElo "2387"]
[Annotator "NA"]
[PlyCount "45"]
[EventDate "2018.??.??"]
[EventType "swiss"]
[EventCountry "HUN"]
[SourceTitle "playchess.com"]
[Source "ChessBase"]
[SourceQuality "1"]
[TimeControl "40/5400+30:1800+30"]

1. d4 Nf6 2. c4 e6 3. Nf3 Bb4+ 4. Bd2 a5 5. g3 O-O 6. Nc3 d6 7. Bg2 Nbd7 8. O-O Qe7 9. Qc2 Bxc3 10. Bxc3 e5 11. e4 Re8 12. d5 c6 13. Rfc1 Rf8 14. Ne1 g6 15. Nd3 $14 cxd5 16. cxd5 b6 17. Bd2 Ba6 18. Bg5 Rfc8 19. Qd2 Kg7 20. Bh6+ Kg8 21. Bg5 Kg7 22. Bh6+ Kg8 23. Bg5 1/2-1/2

[Event "Budapest Spring Festival 2018"]
[Site "Budapest"]
[Date "2018.04.26"]
[Round "9"]
[White "Erenberg, Ariel"]
[Black "Pranav Anand"]
[Result "1/2-1/2"]
[ECO "D37"]
[WhiteElo "2406"]
[BlackElo "2158"]
[Annotator "NA"]
[PlyCount "51"]
[EventDate "2018.??.??"]
[EventType "swiss"]
[EventCountry "HUN"]
[SourceTitle "playchess.com"]
[Source "ChessBase"]
[SourceQuality "1"]
[TimeControl "40/5400+30:1800+30"]

1. d4 Nf6 2. c4 e6 3. Nf3 d5 4. Nc3 Be7 5. g3 dxc4 {E01: Catalan: Early deviations} (5... O-O 6. Bg2 dxc4 7. Ne5 Nc6 8. Bxc6 bxc6 9. Nxc6 Qe8 10. Nxe7+ Qxe7 11. Qa4 c5 12. dxc5 Qxc5 13. Be3 Qc7 14. O-O Nd5 15. Bd4 Bd7 16. Qa3 a5 17. Rad1 Nb4 18. Bc5 Qxc5 19. Rxd7 Rab8 {½-½ (46) Svidler,P (2763)-Nakamura,H (2780) Palma de Mallorca 2017}) 6. Qa4+ Nbd7 7. Qxc4 a6 8. a4 O-O 9. Bg2 b5 $146 ({Predecessor:} 9... c5 10. a5 cxd4 11. Qxd4 Nc5 12. Qc4 e5 13. Ng5 h6 14. b4 Qd4 15. Qxd4 exd4 16. bxc5 dxc3 {1-0 (54) Jablonicky,F (2107)-Sahidi,S (1856) Senica 2013}) 10. Qd3 Bb7 11. axb5 axb5 12. Rxa8 Qxa8 13. Qxb5 Bc6 14. Qc4 e5 15. O-O Nb6 16. Qa2 Qxa2 17. Nxa2 Bxf3 18. Bxf3 exd4 19. Rd1 c5 20. e3 dxe3 21. Bxe3 Nc4 22. Bc1 Rb8 23. Re1 Bd6 24. Re2 Ne5 $11 25. Bg2 Nd3 26. Rc2 1/2-1/2